 Dungeon Crawl Stone Soup version 0.30-a0-1157-g2cc9ac7196 (webtiles) character file.

Game seed: 1842480751227609562

558 lunkers the Arsonist (level 7, -10/50 HPs)
             Began as a Meteoran Fire Elementalist on Apr 24, 2023.
             Mangled by a wight
             ... wielding a +3 great sword
              (14 damage)
             ... on level 5 of the Dungeon.
             The game lasted 00:06:34 (1557 turns).

lunkers the Arsonist (Meteoran Fire Elementalist)   Turns: 1557, Time: 00:06:35

Health: -10/50     AC:  2    Str: 10    XL:     7   Next: 87%
Magic:  4/16       EV: 12    Int: 18    God:
Gold:   178        SH:  0    Dex: 15    Spells: 14/17 levels left

rFire   + . .        d - staff of earth
rCold   + + +        (no shield)
rNeg    . . .        a - +0 robe
rPois   .            (no helmet)
rElec   .            (no cloak)
rCorr   +            (no gloves)
SInv    .            (no boots)
Will    +....        (no amulet)
Stlth   +            g - ring "Baluexuin" {Fly rF+ rC+++ rCorr Stlth-}
HPRegen 0.28/turn    h - ring of willpower
MPRegen 0.15/turn

%: no passive effects
@: flying, very slightly contaminated, glowing
A: sense surroundings 1, otherworldly, glowing, explore regen
a: no special abilities


You were on level 5 of the Dungeon.
You visited 1 branch of the dungeon, and saw 5 of its levels.

You collected 178 gold pieces.

Inventory:

Armour
 a - a +0 robe (worn)
 i - a +0 buckler
 s - a +0 pair of gloves
Magical Staves
 d - a staff of earth (weapon)
Jewellery
 g - the ring "Baluexuin" (left hand) {Fly rF+ rC+++ rCorr Stlth-}
   (You found it on level 2 of the Dungeon)

   [ring of protection from fire]

   rF:        It protects you from fire.
   rC:        It renders you almost immune to cold.
   Fly:       It grants you flight.
   rCorr:     It protects you from acid and corrosion.
   Stlth:     It makes you less stealthy.
 h - a ring of willpower (right hand)
Wands
 m - a wand of iceblast (2)
Scrolls
 f - a scroll of immolation {unknown}
 j - a scroll of amnesia {unknown}
 k - a scroll of poison {unknown}
 l - a scroll of identify
 o - a scroll of fog {unknown}
 p - a scroll of enchant armour {unknown}
 r - a scroll of fear {unknown}
Potions
 b - a potion of magic
 c - a potion of cancellation {unknown}
 e - 3 potions of berserk rage
 n - a potion of mutation {unknown}
 q - a potion of degeneration {unknown}


   Skills:
 - Level 2.4 Dodging
 - Level 1.4 Stealth
 + Level 5.8 Spellcasting
 - Level 1.2 Conjurations
 * Level 8.3 Fire Magic


You had 14 spell levels left.
You knew the following spells:

 Your Spells              Type           Power      Damage    Failure   Level
a - Foxfire               Conj/Fire      88%        2x1d8     1%          1
b - Scorch                Fire           70%        2d7       1%          2

Your spell library contained the following spells:

 Spells                   Type           Power      Damage    Failure   Level
 Inner Flame              Hex/Fire       20%        N/A       7%          3
 Volatile Blastmotes      Fire/Tloc      40%        2d13      7%          3
 Apportation              Tloc           10%        N/A       12%         1
 Sandblast                Erth           14%        2d6       12%         1
 Slow                     Hex            20%        N/A       12%         1
 Flame Wave               Conj/Fire      22%        2d8       17%         4
 Passwall                 Tmut/Erth      5%         N/A       19%         2
 Stone Arrow              Conj/Erth      22%        3d8       28%         3
 Confusing Touch          Hex            5%         N/A       36%         3
 Vampiric Draining        Necr           5%         2d6       36%         3
 Alistair's Intoxication  Tmut/Pois      3%         N/A       98%         5


Dungeon Overview and Level Annotations

Branches:
Dungeon (5/15) Zot: 1429
 Temple: D:4-7

Altars:
Cheibriados
Ru

Shops:
D:1 =   D:2 *[[*


Innate Abilities, Weirdness & Mutations

You passively map a small area around you.
You are easily found by Zot.
You glow in the dark.
You regain HP and MP as you explore.


Message History

Press: ? - help, Q - select action, (/) - cycle Dir - look around, f - activate You conjure some foxfire!
The wight hits you from afar with a +4 spear!
* * * LOW HITPOINT WARNING * * *
Casting: Foxfire (safe; 1% risk of failure)
Press: ? - help, Q - select action, (/) - cycle Dir - look around, f - activate You conjure some foxfire!
The foxfire hits the wight.
The wight is moderately damaged.
The foxfire hits the wight.
The wight is moderately damaged.
Unknown command.
Casting: Foxfire (safe; 1% risk of failure)
Press: ? - help, Q - select action, (/) - cycle Dir - look around, f - activate You conjure some foxfire!
The foxfire hits the wight.
The wight is lightly damaged.
Unknown command.
Unknown command.
Casting: Foxfire (safe; 1% risk of failure)
Press: ? - help, Q - select action, (/) - cycle Dir - look around, f - activate You miscast Foxfire.
You are very lightly contaminated with residual magic.
Nothing appears to happen.
* * * LOW MAGIC WARNING * * *
The foxfire hits the wight but does no damage.
The wight is lightly damaged.
The foxfire hits the wight.
The wight is moderately damaged.
The foxfire hits the wight.
The wight is moderately damaged.
Unknown command.
Found a runed chain mail and 4 stones.
As you read the scroll labelled ICLAGUYSEF, it crumbles to dust.
It is a scroll of identify.
e - 3 potions of berserk rage The wight hits you from afar with a +4 spear!
* * * LOW HITPOINT WARNING * * *
The wight hits you with a +3 great sword!
You die...

, , , ,..... .... ,
...., ...... *
,#.......(.. ,...#..
*+ .#..#... ... ,
...... * . ..... .. *
#.... , * #. #..# .#*
### ..##.### #.
#..##.##.... .......)
#..#...........
..##.###
.###..#.§#@..#.## , #
......†.zz........ ,
# .....)#†.z###.....,
, #
............##.[.., *
# , ........#....#
..# # #
,........#....# ..,
,#. # ..##....##...#
., ###..## ,
.........####..,##
........
..##..#....[#....#..#
#....


You could see 3 wights.

Vanquished Creatures
  An orc warrior (D:4)
  A black bear (D:4)
  A wight (D:5)
  Jessica (D:2)
  A sleepcap (D:5)
  An iguana (D:5)
  5 orc wizards
  4 adders
  4 dart slugs
  16 orcs
  3 bats
  4 endoplasms
  2 giant cockroaches
  3 goblins (D:1)
  6 hobgoblins
  2 kobolds
  3 quokkas
  4 ball pythons
  A frilled lizard (D:1)
  4 rats (D:1)
67 creatures vanquished.

Vanquished Creatures (others)
  133 foxfires
133 creatures vanquished.

Grand Total: 200 creatures vanquished

Notes
Turn   | Place    | Note
-------+----------+-------------------------------------------
     0 | D:1      | lunkers the Meteoran Fire Elementalist began the quest for
                  | the Orb.
     0 | D:1      | Reached XP level 1. HP: 14/14 MP: 5/5
    68 | D:1      | Reached skill level 4 in Fire Magic
    68 | D:1      | Reached XP level 2. HP: 20/20 MP: 2/6
   101 | D:1      | Learned a level 2 spell: Scorch
   166 | D:1      | Reached XP level 3. HP: 26/26 MP: 0/8
   321 | D:1      | Found Ijygi's Jewellery Shoppe.
   489 | D:1      | Glimpsed the power of Zot.
   505 | D:2      | Identified the ring "Baluexuin" {Fly rF+ rC+++ rCorr
                  | Stlth-}
   509 | D:2      | Found Nacij's General Store.
   570 | D:2      | Noticed Jessica
   573 | D:2      | Killed Jessica
   574 | D:2      | Reached skill level 5 in Fire Magic
   574 | D:2      | Reached XP level 4. HP: 33/33 MP: 2/10
   626 | D:2      | Found Ydigustu's Antique Armour Boutique.
   637 | D:2      | Found Cihot's Assorted Antiques.
   705 | D:2      | Found Silaloy's Armour Shoppe.
   801 | D:2      | You are sucked into a shaft and drop 2 floors!
   826 | D:4      | Reached XP level 5. HP: 35/38 MP: 2/11
   877 | D:4      | Noticed a black bear
   882 | D:4      | Killed a black bear
   883 | D:4      | Reached skill level 6 in Fire Magic
   883 | D:4      | Reached XP level 6. HP: 41/45 MP: 6/13
   902 | D:4      | Found a sacrificial altar of Ru.
   904 | D:4      | Found a snail-covered altar of Cheibriados.
   987 | D:4      | Noticed an orc warrior
   996 | D:4      | Killed an orc warrior
   997 | D:4      | Reached skill level 5 in Spellcasting
   997 | D:4      | Reached skill level 7 in Fire Magic
   997 | D:4      | Reached XP level 7. HP: 50/50 MP: 4/15
  1241 | D:5      | Entered Level 5 of the Dungeon
  1533 | D:5      | Reached skill level 8 in Fire Magic
  1557 | D:5      | Mangled by a wight

Illustrated notes

Levels and vault maps discovered:
D:1:      ncdulo_wetmaze, layout_loops_ring, serial_shops,
          nicolae_shop_tiny_statue_garden, chequers_serial_rivers_room_a,
          minmay_misc_feat_more_columns
D:2:      layout_loops_cross, serial_shops, nicolae_shop_statue_plus,
          shop_statue, shop, shop, basic_altar, columned_hall_lemuel,
          serial_bayou_pond_a, dreamdust_wishing_well, uniq_jessica
D:3:      layout_basic
D:4:      layout_cave_pools, chequers_temple_overflow_statue_of_worship,
          minmay_crystal_room
D:5:      layout_basic, amcnicky_mini_corridor_feature, minmay_bent

Skill      XL: |  1  2  3  4  5  6  7 |
---------------+----------------------+-----
Fire Magic     | 4 5 6 7 8 |  8.3
Spellcasting   | 3 4 5 |  5.8
Dodging        | |  2.4
Stealth        | |  1.4
Conjurations   | |  1.2

Action                     |  1- 3 |  4- 6 |  7- 9 || total
---------------------------+-------+-------+-------++-------
  Melee: Unarmed           |     4 |       |       ||     4
         Staff             |       |     3 |    12 ||    15
         Punch             |       |       |     1 ||     1
   Cast: Foxfire           |    16 |    19 |    44 ||    79
         Scorch            |    14 |    16 |    15 ||    45
    Use: Scroll            |       |       |     1 ||     1
 Armour: Robe              |     3 |     5 |     5 ||    13
  Dodge: Dodged            |     6 |     6 |    14 ||    26

Table legend: (Time is in decaauts)
 A = Elapsed time spent in this place.
 B = Non-inter-level travel time spent in this place.
 C = Inter-level travel time spent in this place.
 D = Time resting spent in this place.
 E = Time spent auto-exploring this place.
 F = Levels seen in this place.
 G = Mean time per level.
                   A        B        C        D        E       F      G
               +--------+--------+--------+--------+--------+-----+--------+
         Total |   1569 |   1512 |     57 |      0 |    952 |   5 |  313.8 |
       Dungeon |   1569 |   1512 |     57 |      0 |    952 |   5 |  313.8 |
               +--------+--------+--------+--------+--------+-----+--------+

Top non-repeatable levels by time:
     D:1: 504 daAuts
     D:5: 317 daAuts
     D:2: 306 daAuts
     D:4: 293 daAuts
     D:3: 147 daAuts
